 Dungeon Crawl Stone Soup version 0.31-a0-1236-gaa9e43cceb (webtiles) character file.

Game seed: 2723563052928227992

42 Mobster the Grave Robber (level 3, -4/24 HPs)
             Began as a Mummy Necromancer on Dec 15, 2023.
             Slain by a gnoll
             ... wielding a +0 antimagic spear
              (7 damage)
             ... on level 2 of the Dungeon.
             The game lasted 00:09:37 (1280 turns).

Mobster the Grave Robber (Mummy Necromancer)        Turns: 1280, Time: 00:09:37

Health: -4/24      AC:  2    Str: 11    XL:     3   Next: 35%
Magic:  0/8        EV: 12    Int: 16    God:
Gold:   108        SH:  0    Dex: 12    Spells: 5/9 levels left

rFire   x . .        (no weapon)
rCold   + + .        (no shield)
rNeg    + + +        a - +0 robe
rPois   ∞            (no helmet)
rElec   .            (no cloak)
rCorr   .            (no gloves)
SInv    .            (no boots)
Will    .....        (no amulet)
Stlth   ++           c - ring of protection from cold
HPRegen 0.24/turn    (no ring)
MPRegen 0.11/turn

%: faith
@: no status effects
A: cold resistance 1, negative energy resistance 3, torment resistance 2, heat
vulnerability 1, in touch with death 1, no potions, faith
a: no special abilities


You were on level 2 of the Dungeon.
You visited 1 branch of the dungeon, and saw 2 of its levels.

You collected 108 gold pieces.

Inventory:

Armour
 a - a +0 robe (worn)
Jewellery
 c - a ring of protection from cold (left hand)
Scrolls
 b - a scroll of identify
 d - a scroll of teleportation


   Skills:
 - Level 1.5 Dodging
 + Level 1.7 Stealth
 + Level 3.7 Spellcasting
 + Level 4.6 Necromancy


You had 5 spell levels left.
You knew the following spells:

 Your Spells              Type           Power      Damage    Failure   Level
a - Necrotise             Necr           100%       1d9       2%          1
b - Vampiric Draining     Necr           26%        2d7       8%          3

Your spell library contained the following spells:

 Spells                   Type           Power      Damage    Failure   Level
 Animate Dead             Necr           26%        N/A       26%         4
 Agony                    Necr           26%        N/A       56%         5


Dungeon Overview and Level Annotations

Branches:
Dungeon (2/15)

Altars:
Sif Muna


Innate Abilities, Weirdness & Mutations

You are immune to poison.
Your flesh is cold resistant. (rC+)
You are immune to negative energy. (rN+++)
You are immune to unholy pain and torment.
You are vulnerable to heat. (rF-)
You are in touch with the powers of death.
You do not drink.
You have a special connection with the divine. (Faith)


Message History

You feel a surge of power!
The gnoll writhes in agony.
You kill the gnoll!
The dead are walking!
An endoplasm comes into view.
The gnoll hits your gnoll skeleton with a +0 antimagic spear!
The gnoll hits your gnoll skeleton with a +0 antimagic spear!
Your gnoll skeleton is destroyed!
The gnoll hits your ball python skeleton with a +0 antimagic spear!
Your ball python skeleton is destroyed!
Aiming: Necrotise (safe; 2% risk of failure)
Press: ? - help, Q - select action Shift-Dir - straight line, f - gnoll
Aim: a gnoll, wielding a +0 antimagic spear (chance to affect: 88%)
You feel a surge of power!
The gnoll writhes in agony.
Aiming: Necrotise (safe; 2% risk of failure)
Press: ? - help, Q - select action Shift-Dir - straight line, f/p - gnoll
Aim: a gnoll, wielding a +0 antimagic spear (moderately wounded, chance to affect: 88%)
You feel a surge of power!
The gnoll barely resists.
The gnoll barely misses you.
Aiming: Necrotise (safe; 2% risk of failure)
Press: ? - help, Q - select action Shift-Dir - straight line, f/p - gnoll
Aim: a gnoll, wielding a +0 antimagic spear (moderately wounded, chance to affect: 88%)
You feel a surge of power!
The gnoll writhes in agony.
The gnoll hits you from afar with a +0 antimagic spear!
You don't have enough magic to cast this spell.
Unknown command.
There is a large open door here.
The gnoll attacks as it pursues you!
The gnoll hits you from afar with a +0 antimagic spear!
You feel your power leaking away. The gnoll attacks as it pursues you!
The gnoll hits you from afar with a +0 antimagic spear.
* * * LOW HITPOINT WARNING * * *
The gnoll attacks as it pursues you! The gnoll closely misses you.
The gnoll attacks as it pursues you!
The gnoll hits you from afar with a +0 antimagic spear.
* * * LOW HITPOINT WARNING * * *
You feel your power leaking away. The gnoll attacks as it pursues you!
The gnoll hits you from afar with a +0 antimagic spear!
You die...

#..#..###≈≈≈≈≈≈≈≈≈≈##.. ...#
#######...##≈≈≈≈≈≈≈≈≈≈≈≈### #####
.........##≈≈≈≈≈≈≈≈≈≈≈≈≈≈## #.
#######.##≈≈≈≈≈≈≈≈≈≈≈≈≈≈≈≈######.
#.#≈≈≈≈≈≈≈≈≈≈≈≈≈≈≈≈≈≈#<....
#######.#≈≈≈≈≈≈≈≈≈≈≈≈≈≈≈≈≈≈######
........#≈≈≈≈≈≈≈♣..♣≈≈≈≈≈≈≈###...
........'.......!..........'...#
........'.......@.g.J......'...#
........#≈≈≈≈≈≈≈♣..♣≈≈≈≈≈≈≈###)#
........#≈≈≈≈≈≈≈≈≈≈≈≈≈≈≈≈≈≈# .#
#####.###≈≈≈≈≈≈≈≈≈≈≈≈≈≈≈≈≈≈# J#
#. ##≈≈≈≈≈≈≈≈≈≈≈≈≈≈≈≈## .# #.
##≈≈≈≈≈≈≈≈≈≈≈≈≈≈## .# ..
##≈≈≈≈≈≈≈≈≈≈≈≈## .#
##≈≈≈≈≈≈≈≈≈≈## ..


You could see a gnoll and an endoplasm.

Vanquished Creatures
  A gnoll (D:2)
  An adder (D:2)
  A dart slug (D:1)
  3 ball pythons
  2 bats (D:2)
  2 endoplasms (D:1)
  2 hobgoblins (D:1)
  4 kobolds (D:1)
  A quokka (D:2)
  2 frilled lizards
19 creatures vanquished.

Vanquished Creatures (collateral kills)
  2 frilled lizards (D:1)
2 creatures vanquished.

Grand Total: 21 creatures vanquished

Notes
Turn   | Place    | Note
-------+----------+-------------------------------------------
     0 | D:1      | Mobster the Mummy Necromancer began the quest for the Orb.
     0 | D:1      | Reached XP level 1. HP: 13/13 MP: 4/4
   235 | D:1      | Reached XP level 2. HP: 19/19 MP: 3/5
  1032 | D:2      | Found a shimmering blue altar of Sif Muna.
  1184 | D:2      | Reached XP level 3. HP: 24/24 MP: 2/7
  1233 | D:2      | Learned a level 3 spell: Vampiric Draining
  1280 | D:2      | Slain by a gnoll

Illustrated notes

Levels and vault maps discovered:
D:1:      eino_arrival_druids_welcome, layout_rooms, serial_bayou,
          serial_bayou_shore_a, serial_bayou_pond_a, serial_bayou_lagoon_b,
          serial_bayou_shore_b
D:2:      kennysheep_big_flooded_room, layout_basic, basic_altar

Skill      XL: |  1  2 |
---------------+-------+-----
Spellcasting   | 3 |  3.7
Dodging        | |  1.5
Stealth        | |  1.7
Necromancy     | |  4.6

Action                     || total
---------------------------++-------
  Melee: Unarmed           ||     4
   Cast: Necrotise         ||    38
    Use: Scroll            ||     5
 Armour: Robe              ||     8
  Dodge: Dodged            ||     8

Table legend: (Time is in decaauts)
 A = Elapsed time spent in this place.
 B = Non-inter-level travel time spent in this place.
 C = Inter-level travel time spent in this place.
 D = Time resting spent in this place.
 E = Time spent auto-exploring this place.
 F = Levels seen in this place.
 G = Mean time per level.
                   A        B        C        D        E       F      G
               +--------+--------+--------+--------+--------+-----+--------+
         Total |   1318 |   1318 |      0 |    341 |    427 |   2 |  659.0 |
       Dungeon |   1318 |   1318 |      0 |    341 |    427 |   2 |  659.0 |
               +--------+--------+--------+--------+--------+-----+--------+

Top non-repeatable levels by time:
     D:1: 1039 daAuts
     D:2: 279 daAuts
